 Dungeon Crawl Stone Soup version 0.17.1-1-g73c8601 (webtiles) character file.

7032 Goblin1989 the Martial Artist (level 11, -15/64 HPs)
             Began as a Vine Stalker Monk on Dec 30, 2015.
             Was a High Priest of Cheibriados.
             Killed from afar by an ice statue (19 damage)
             ... with a bolt of cold
             ... in an ice cave.
             The game lasted 00:32:48 (8417 turns).

Goblin1989 the Martial Artist (Vine Stalker Monk)   Turns: 8417, Time: 00:32:48

Health: -15/64     AC: 14    Str: 31    XL:     11   Next: 8%
Magic:  0/16       EV: 11    Int: 24    God:    Cheibriados [*****.]
Gold:   211        SH:  0    Dex: 28    Spells: 2 memorised, 6 levels left

rFire  . . .     SeeInvis .       - Unarmed
rCold  . . .     Clarity  .     D - +3 chain mail {rPois}
rNeg   . . .     SustAt   .     (no shield)
rPois  +         Gourm    .     l - +0 helmet
rElec  .         Spirit   +     k - +1 cloak
rCorr  .         Warding  .     (no gloves)
rMut   .         Stasis   .     (no boots)
MR     ++...                    (no amulet)
Stlth  ..........               q - +6 ring of strength
                                n - ring of protection from magic

@: very slow, very resistant to hostile enchantments, extremely unstealthy
A: fangs 3, regeneration 2, magic shield, antimagic bite, no device heal 3, rot
immunity
a: Bend Time, Temporal Distortion, Slouch, Step From Time, Renounce Religion


You were in an ice cave.
You worshipped Cheibriados.
Cheibriados was extremely pleased with you.
You were hungry.

You visited 2 branches of the dungeon, and saw 13 of its levels.
You also visited: Ice Cave.

You collected 540 gold pieces.
You spent 329 gold pieces at shops.

Inventory:

Hand Weapons
 a - a +1 blowgun
 F - the +8 morningstar of the Ancient Lies {holy, Dex+7}
   (You found it on level 7 of the Dungeon)

   It has been blessed by the Shining One to cause great damage to the undead
   and demons.
   It affects your dexterity (+7).
Missiles
 v - 54 poisoned needles
 G - 6 curare-tipped needles
Armour
 k - a +1 cloak (worn)
 l - a +0 helmet (worn)
 D - a +3 chain mail of poison resistance (worn)
Jewellery
 n - a ring of protection from magic (left hand)
 q - a +6 ring of strength (right hand)
 t - an uncursed ring of teleportation
 A - the ring "Emelyj" {rF+ MP+9 Str+4}
   (You found it on level 8 of the Dungeon)

   [ring of protection from fire]

   It affects your strength (+4).
   It protects you from fire.
   It affects your magic capacity (+9).
Wands
 x - a wand of slowing (40)
 E - a wand of digging (20)
Scrolls
 c - 8 scrolls of remove curse
 d - a scroll of amnesia
 f - a scroll of recharging
 j - 2 scrolls of identify
 o - a scroll of enchant weapon
 y - a scroll of fog
 z - 3 scrolls of fear
 H - a scroll of magic mapping {unknown}
 N - a scroll of random uselessness {unknown}
 R - a scroll of teleportation
Potions
 e - a potion of ambrosia
 g - 6 potions of curing
 h - a potion of cure mutation
 m - 4 potions of might
 r - a potion of invisibility
 w - a potion of agility
 B - 2 potions of lignification
 C - a potion of resistance {unknown}
Books
 p - a book of Minor Magic

   Spells                             Type                      Level
   a - Magic Dart                     Conjuration                  1
   b - Blink                          Translocation                2
   c - Call Imp                       Summoning                    2
   d - Repel Missiles                 Charms/Air                   2
   e - Slow                           Hexes                        2
   f - Conjure Flame                  Conjuration/Fire             3
   g - Mephitic Cloud                 Conjuration/Poison/Air       3
 I - a book of Conjurations

   Spells                             Type                      Level
   a - Magic Dart                     Conjuration                  1
   b - Searing Ray                    Conjuration                  2
   c - Dazzling Spray                 Conjuration/Hexes            3
   d - Fulminant Prism                Conjuration/Hexes            4
   e - Iskenderun's Mystic Blast      Conjuration                  4
   f - Iskenderun's Battlesphere      Conjuration/Charms           5
 J - a book of Clouds

   Spells                             Type                      Level
   a - Mephitic Cloud                 Conjuration/Poison/Air       3
   b - Conjure Flame                  Conjuration/Fire             3
   c - Poisonous Cloud                Conjuration/Poison/Air       6
   d - Freezing Cloud                 Conjuration/Ice/Air          6
   e - Ring of Flames                 Charms/Fire                  7
Comestibles
 b - 2 bread rations
 u - 2 meat rations


   Skills:
 + Level 10.6 Fighting
 * Level 1.3 Armour
 - Level 2.4 Dodging
 - Level 2.4 Stealth
 + Level 11.3 Unarmed Combat
 + Level 5.8 Invocations


You had 6 spell levels left.
You knew the following spells:

 Your Spells              Type           Power        Failure   Level  Hunger
a - Repel Missiles        Chrm/Air       #.....       92%         2    ###....
b - Slow                  Hex            #.......     92%         2    ###....


Dungeon Overview and Level Annotations

Branches:
Dungeon (9/15)             Temple (0/1) D:7            Lair (4/8) D:8
  Swamp: Lair:3-6    Shoals: Lair:3-6     Snake: Lair:3-6    Spider: Lair:3-6
    Orc: D:9-12

Altars:
Cheibriados
Dithmenos
Okawaru
Ru
Vehumet
Yredelemnul
The Shining One

Shops:
D:5 %   D:8 [[[

Annotations:
D:3 Gargoyl's ghost, amateur GrEE IceCv exclusion: 2 ice statues


Innate Abilities, Weirdness & Mutations

You have razor-sharp teeth.
You heal very quickly.
When hurt, damage is shared between your health and your magic reserves.
Your bite disrupts and absorbs the magic of your enemies.
Potions and wands cannot restore your health.
You are immune to rotting.


Message History

You bite the ice statue, but do no damage.
The ice statue is heavily damaged.
The ice beast hits you but does no damage.
Unknown command.
You punch the ice statue!
You bite the ice statue, but do no damage.
The ice statue is severely damaged.
The ice beast hits you but does no damage.
Unknown command.
You punch the ice statue!
You bite the ice statue, but do no damage.
The ice statue is almost destroyed.
The ice beast hits you but does no damage.
Unknown command.
You hit the ice statue but do no damage.
You bite the ice statue, but do no damage.
The ice statue is almost destroyed.
The ice statue throws cold at you. The bolt of cold hits you!
You die...

............#
#...............#
#.......⌠.......#
#...............#
#...............#
#.............#
#.............#
#####...........#
#.....8@Y....#8##
#########...####
#...## ##...#
##...# #...##
##...## ##.....##
#...∩...#


You could see an ice statue and an ice beast.

Vanquished Creatures
  4 spiny frogs
  A komodo dragon (Lair:1)
  2 blue devils (IceCv)
  The ghost of crawlian the Firebug, a novice DEFE of Sif Muna (D:7)
  A two-headed ogre (D:9)
  3 yaks (Lair:2)
  A basilisk (Lair:4)
  A hippogriff (D:8)
  2 hungry ghosts
  4 porcupines
  2 sky beasts
  2 water moccasins
  4 orc warriors
  2 centaurs
  2 ogres
  3 crocodiles
  8 giant frogs
  A gnoll sergeant (D:5)
  2 scorpions
  4 crimson imps
  A centaur skeleton (D:5)
  A giant frog zombie (D:7)
  5 hounds
  A giant frog skeleton (D:4)
  A gnoll shaman (D:5)
  4 orc priests
  Ijyb (D:3)
  An iguana (D:7)
  4 orc wizards
  4 worker ants
  4 sheep (Lair:2)
  A hound zombie (D:7)
  A worker ant zombie (D:5)
  4 gnolls (D:5)
  9 adders
  2 shadow imps (D:5)
  12 white imps (Lair:3)
  An ooze (D:7)
  An adder zombie (D:6)
  4 worms
  An adder skeleton (D:4)
  7 giant geckos
  40 orcs
  3 ball pythons
  17 goblins
  8 hobgoblins
  12 jackals
  2 quokkas
  4 bats
  5 giant cockroaches
  2 giant gecko skeletons (D:4)
  A giant gecko zombie (D:5)
  6 giant newts
  A jackal skeleton (D:5)
  2 jackal zombies
  5 kobolds
  8 rats
236 creatures vanquished.

Vanquished Creatures (others)
  2 fungi (Lair:2)
2 creatures vanquished.

Grand Total: 238 creatures vanquished

Notes
Turn   | Place    | Note
--------------------------------------------------------------
     0 | D:1      | Goblin1989 the Vine Stalker Monk began the quest for the Orb.
     0 | D:1      | Reached XP level 1. HP: 11/11 MP: 2/2
    87 | D:1      | Reached XP level 2. HP: 13/16 MP: 3/3
   471 | D:1      | Reached XP level 3. HP: 19/19 MP: 4/4
   712 | D:2      | Reached skill level 5 in Unarmed Combat
   889 | D:2      | Reached XP level 4. HP: 6/23 MP: 1/5
  1430 | D:3      | Reached skill level 6 in Unarmed Combat
  1527 | D:3      | Reached XP level 5. HP: 27/27 MP: 6/6
  1665 | D:3      | Noticed Ijyb
  1707 | D:3      | Killed Ijyb
  1930 | D:3      | Noticed Gargoyl's ghost (amateur GrEE)
  1989 | D:4      | Reached skill level 7 in Unarmed Combat
  1989 | D:4      | Gained mutation: You heal very quickly. [Vine Stalker growth]
  1989 | D:4      | Reached XP level 6. HP: 32/32 MP: 7/7
  2312 | D:4      | Noticed an ogre
  2321 | D:4      | Killed an ogre
  2439 | D:4      | Reached skill level 8 in Unarmed Combat
  2472 | D:4      | Reached XP level 7. HP: 30/35 MP: 8/8
  2536 | D:5      | Entered Level 5 of the Dungeon
  2602 | D:5      | Found Bugefet's Food Shop.
  2642 | D:5      | Found a sacrificial altar of Ru.
  3516 | D:5      | Gained mutation: You have razor-sharp teeth. [Vine Stalker growth]
  3516 | D:5      | Reached XP level 8. HP: 40/42 MP: 9/9
  3800 | D:6      | Reached skill level 5 in Fighting
  3800 | D:6      | Reached skill level 9 in Unarmed Combat
  4112 | D:6      | Found a basalt altar of Yredelemnul.
  4114 | D:6      | Noticed a profane servitor
  4126 | D:6      | Found a glowing golden altar of the Shining One.
  4129 | D:6      | Noticed an angel
  4204 | D:6      | Reached XP level 9. HP: 32/49 MP: 10/10
  4259 | D:6      | Found a snail-covered altar of Cheibriados.
  4274 | D:6      | Became a worshipper of Cheibriados the Contemplative
  4274 | D:6      | Reached * piety under Cheibriados
  4274 | D:6      | Reached ** piety under Cheibriados
  4616 | D:7      | Noticed crawlian's ghost (novice DEFE)
  4807 | D:7      | Found a staircase to the Ecumenical Temple.
  5020 | D:7      | Reached skill level 1 in Invocations
  5291 | D:7      | Got a crystal morningstar
  5292 | D:7      | Identified the +8 morningstar of the Ancient Lies {holy, Dex+7} (You found it on level 7 of the Dungeon)
  5366 | D:7      | Killed crawlian's ghost
  5366 | D:7      | Reached skill level 10 in Unarmed Combat
  5490 | D:8      | Found a basalt altar of Yredelemnul.
  5510 | D:8      | Got a sparkling granite ring
  5525 | D:8      | Found Komipy's Armour Shop.
  5533 | D:8      | Bought a +3 chain mail of poison resistance for 329 gold pieces
  5555 | D:8      | Found a staircase to the Lair.
  5560 | D:8      | Found Kotzemi's Antique Armour Shop.
  5636 | D:8      | Reached *** piety under Cheibriados
  5649 | D:8      | Found Qeoll's Antique Armour Boutique.
  5752 | D:8      | Found a radiant altar of Vehumet.
  6023 | D:8      | Found an iron altar of Okawaru.
  6023 | D:8      | Found a shadowy altar of Dithmenos.
  6092 | D:9      | Learned a level 2 spell: Repel Missiles
  6095 | D:9      | Learned a level 2 spell: Slow
  6266 | D:9      | Reached **** piety under Cheibriados
  6336 | D:9      | Reached XP level 10. HP: 40/57 MP: 9/13
  6403 | Lair:1   | Entered Level 1 of the Lair of Beasts
  7431 | Lair:2   | Reached skill level 10 in Fighting
  7816 | Lair:2   | Reached skill level 11 in Unarmed Combat
  7963 | Lair:2   | Reached skill level 5 in Invocations
  8135 | Lair:2   | You fall through a shaft for 2 floors!
  8180 | Lair:4   | Identified the ring "Emelyj" {rF+ MP+9 Str+4} (You found it on level 8 of the Dungeon)
  8246 | Lair:3   | Found a frozen archway.
  8255 | Lair:3   | Reached ***** piety under Cheibriados
  8281 | Lair:3   | Reached XP level 11. HP: 29/64 MP: 11/16
  8290 | IceCv    | Entered an ice cave
  8387 | IceCv    | Reached skill level 1 in Armour
  8412 | IceCv    | HP: 1/64 [ice statue] (13)]
  8417 | IceCv    | Killed from afar by an ice statue

Action                   |  1- 3 |  4- 6 |  7- 9 | 10-12 || total
-------------------------+-------+-------+-------+-------++-------
Melee: Unarmed           |    85 |   159 |   289 |   130 ||   663
       Morningstar       |       |       |     6 |       ||     6
Evoke: Wand              |       |       |       |     2 ||     2
  Use: Potion            |     1 |       |       |       ||     1
       Scroll            |       |     1 |     8 |    13 ||    22
 Stab: Sleeping          |     5 |     9 |     3 |       ||    17
       Distracted        |       |     1 |       |       ||     1
  Eat: Chunk             |       |     5 |     5 |     3 ||    13
       Bread ration      |       |       |     1 |       ||     1
       Pizza             |       |       |     1 |       ||     1
